 Dungeon Sprint DCSS version 0.27-a0-988-g25969acef8 (webtiles) character file.

Game seed: 16940511545954022856

37676 mhtbhm the Metallomancer (level 13, -4/72 HPs)
             Began as a Gargoyle Earth Elementalist on Apr 15, 2021.
             Was the Champion of Vehumet.
             Engulfed by a cloud of flame (21 damage)
             ... in the Dungeon (Sprint VII: "The Pits").
             The game lasted 00:14:49 (4829 turns).

mhtbhm the Metallomancer (GrEE)                     Turns: 4829, Time: 00:14:49

Health: -4/72      AC: 19    Str: 11    XL:     13   Next: 98%
Magic:  11/38      EV: 17    Int: 22    God:    Vehumet [******]
Gold:   32         SH:  0    Dex: 10    Spells: 10/54 levels left

rFire    . . .     SeeInvis .   a - +2 whip (venom)
rCold    + . .     Faith    +   (no shield)
rNeg     + . .     Spirit   .   c - +2 robe {rC+}
rPois    ∞         Reflect  .   s - +0 helmet
rElec    +         Harm     .   t - +0 cloak
rCorr    .         Rampage  .   r - +0 pair of gloves
Will     .....     NoTele   +   (no boots)
Stlth    ++........             C - amulet of faith
HPRegen  0.22/turn              n - +3 ring of evasion
MPRegen  0.26/turn              o - +3 ring of protection

@: weak-willed
A: AC +9, negative energy resistance 1, electricity resistance, torment
resistance 1, unbreathing 1, petrification resistance
a: Renounce Religion


You were in the Dungeon.
You worshipped Vehumet.
Vehumet was exalted by your worship.
You visited 1 branch You collected 32 gold pieces.

Inventory:

Hand Weapons
 a - a +2 whip of venom (weapon)
Missiles
 b - 54 stones
 w - 23 poisoned darts (quivered)
Armour
 c - a +2 robe of cold resistance (worn)
 r - a +0 pair of gloves (worn)
 s - a +0 helmet (worn)
 t - a +0 cloak (worn)
Magical Staves
 g - a staff of poison
 E - a staff of cold
 I - a staff of conjuration
Jewellery
 n - a +3 ring of evasion (left hand)
 o - a +3 ring of protection (right hand)
 v - a ring of willpower
 B - a ring of protection from cold
 C - an amulet of faith (around neck)
 F - the amulet "Wyrhoumi" {Reflect Harm rElec Str+2 SH+5}
   (You found it in the Dungeon)

   [amulet of reflection]

   It reflects blocked missile attacks.
   It affects your strength (+2).
   It insulates you from electricity.
   It affects your SH (+5).
   It increases damage dealt and taken.
Scrolls
 j - 5 scrolls of amnesia
 k - a scroll of summoning
 l - a scroll of vulnerability
 u - a scroll of brand weapon
 y - 2 scrolls of fog
 z - 2 scrolls of identify
 A - 6 scrolls of enchant armour
Potions
 d - 9 potions of curing
 e - a potion of heal wounds
 f - 3 potions of haste
 h - 6 potions of berserk rage
 m - 2 potions of invisibility
 p - 3 potions of brilliance
 q - 3 potions of might
Miscellaneous
 G - a phantom mirror
 H - a lightning rod (4/4)


   Skills:
 + Level 5.2 Fighting
 + Level 4.1 Maces & Flails
 + Level 6.6 Dodging
 - Level 2.5 Stealth
 + Level 21.4 Spellcasting
 + Level 2.9 Conjurations
 + Level 2.4 Transmutations
 * Level 8.9 Fire Magic
 + Level 0.5 Ice Magic
 + Level 25.0 Earth Magic
 + Level 3.0 Poison Magic
 + Level 1.1 Evocations


You had 10 spell levels left.
You knew the following spells:

 Your Spells              Type           Power      Damage    Failure   Level
a - Sandblast             Erth           100%       2d20      0%          1
b - Passwall              Tmut/Erth      59%        N/A       0%          2
c - Stone Arrow           Conj/Erth      100%       3d13      0%          3
d - Lee's Rapid Deconstr  Erth           46%        3d23*     0%          5
e - Petrify               Tmut/Erth      71%        N/A       1%          4
f - Frozen Ramparts       Ice            50%        1d7       1%          3
g - Olgreb's Toxic Radia  Pois           36%        N/A       1%          4
h - Hailstorm             Conj/Ice       31%        3d8       2%          4
i - Shatter               Erth           46%        3d36*     1%          9
j - Fire Storm            Conj/Fire      24%        8d6       100%        9

Your spell library contained the following spells:

 Spells                   Type           Power      Damage    Failure   Level
 Absolute Zero            Ice            12%        ∞         100%        9
 Animate Skeleton         Necr           46%        N/A       1%          1
 Apportation              Tloc           46%        N/A       1%          1
 Corona                   Hex            25%        N/A       1%          1
 Magic Dart               Conj           100%       1d8       1%          1
 Sting                    Tmut/Pois      100%       1d8       1%          1
 Summon Small Mammal      Summ           92%        N/A       1%          1
 Poisonous Vapours        Pois/Air       60%        N/A       1%          2
 Searing Ray              Conj           72%        3d6       1%          2
 Dazzling Flash           Conj/Hex       60%        N/A       1%          3
 Ignite Poison            Fire/Tmut/Pois 44%        N/A       1%          3
 Mephitic Cloud           Conj/Pois/Air  32%        N/A       1%          3
 Fulminant Prism          Conj/Hex       15%        3d11      3%          4
 Iskenderun's Mystic Bla  Conj/Tloc      30%        2d8       3%          4
 Ice Form                 Ice/Tmut       30%        N/A       10%         4
 Summon Ice Beast         Ice/Summ       24%        N/A       17%         4
 Freezing Cloud           Conj/Ice/Air   14%        6-21      41%         6
 Simulacrum               Ice/Necr       12%        N/A       95%         6
 Ozocubu's Refrigeration  Ice            12%        4d7       95%         7


Dungeon Overview and Level Annotations

Branches:
Dungeon (1/1)

Altars:
Ashenzari
Cheibriados
Dithmenos
Elyvilon
Fedhas
Gozag
Hepliaklqana
Kikubaaqudgha
Makhleb
Nemelex Xobeh
Okawaru
Qazlal
Ru
Sif Muna
Trog
Uskayaw
Vehumet
Wu Jian
Xom
Yredelemnul
Zin
The Shining One
Beogh
Jiyva
Lugonu


Innate Abilities, Weirdness & Mutations

Your stone body is resilient. (AC +9)
You are immune to poison.
You resist negative energy. (rN+)
You are resistant to electric shocks. (rElec)
You are resistant to unholy torment.
You can survive without breathing.
You are immune to petrification.


Message History

Aim: Saint Roka, wielding a +0 long sword and wearing a +0 chain mail (flame, almost dead, inner flame, strong, weak-willed, 88% to hit)
The blast of sand misses Saint Roka.
The blast of sand hits the orc knight!
Vehumet accepts your kill.
You feel your power returning.
b - 55 stones The orc knight explodes!
The fiery explosion engulfs the orc knight!!
The orc knight is moderately wounded.
The fiery explosion engulfs the orc knight!!
The orc knight is heavily wounded.
The fiery explosion engulfs the orc knight!!
Vehumet accepts your kill.
The orc knight explodes!
The fiery explosion engulfs Saint Roka!!
Flame seeps out of Saint Roka.
Saint Roka is almost dead.
The orc no longer looks unusually strong.
The orc knight roars a battlecry!
The orc goes into a battle-frenzy!
Saint Roka is engulfed in blazing flames.
Flame seeps out of Saint Roka.
The orc knight is engulfed in blazing flames.
Your lightning rod (4/4) has regained one charge.
Your Earth Magic skill increases to level 25!
Unknown command.
Unknown command.
Casting: Sandblast (safe; 0% risk of failure)
Confirm with . or Enter, or press ? or * to list all spells.
Aiming: Sandblast (safe; 0% risk of failure)
Press: ? - help, Shift-Dir - straight line, f/p - Saint Roka
Aim: Saint Roka, wielding a +0 long sword and wearing a +0 chain mail (almost dead, inner flame, strong, weak-willed, 88% to hit)
The blast of sand hits Saint Roka.
Vehumet accepts your kill.
You feel your power returning.
b - 54 stones Saint Roka explodes!
The fiery explosion engulfs you!!
* * * LOW HITPOINT WARNING * * *
You are engulfed in blazing flames.
You die...

#1# #+# #.# #'# #.# #'#
########################'#
.........co§§)○§.........#
.........oooo☼§§@........#
#######))##############..#
#...o. #).# #...o.o #..#
#..oo.o# #..# ###.o###
#..#


coos #..# .ooo #..# #..# You could see 3 orc knights, a yaktaur, an orc warrior
(strong) and an orc (strong).

Vanquished Creatures
  Saint Roka (D)
  Arachne (D)
  A Brimstone Fiend (D)
  A nagaraja (D)
  A shadow dragon (D)
  An orc warlord (D)
  2 emperor scorpions (D)
  An ophan (D)
  A minotaur (D)
  A green death (D)
  An ettin (D)
  A hydra (D)
  An ogre mage (D)
  A boulder beetle (D)
  2 merfolk avatars (D)
  A centaur warrior (D)
  2 two-headed ogres (D)
  3 shadow wraiths (D)
  A deep troll (D)
  A spriggan druid (D)
  A sea snake (D)
  A bog body (D)
  4 orc knights (D)
  A deep elf pyromancer (D)
  An orc sorcerer (D)
  4 elephants (D)
  A merfolk siren (D)
  A cyclops (D)
  A black mamba (D)
  An eye of devastation (D)
  A guardian serpent (D)
  2 rust devils (D)
  2 smoke demons (D)
  2 komodo dragons (D)
  A gargoyle (D)
  A kobold demonologist (D)
  An unseen horror (D)
  A guardian mummy (D)
  A red devil (D)
  3 wind drakes (D)
  An air elemental (D)
  A ynoxinul (D)
  2 tarantellas (D)
  A redback (D)
  A water elemental (D)
  A spriggan (D)
  A large abomination (D)
  A neqoxec (D)
  2 fire bats (D)
  3 vampire mosquitoes (D)
  A warg (D)
  A water moccasin (D)
  A floating eye (D)
  Purgy (D)
  5 orc warriors (D)
  2 swamp drakes (D)
  An ice beast (D)
  A black bear (D)
  3 ogres (D)
  5 wolves (D)
  A centaur (D)
  A phantom (D)
  An earth elemental (D)
  10 killer bees (D)
  A wight (D)
  A crimson imp (D)
  A small abomination (D)
  A gnoll shaman (D)
  Crazy Yiuf (D)
  An orc priest (D)
  3 orc wizards (D)
  3 hell rats (D)
  A mummy (D)
  5 gnolls (D)
  An ufetubus (D)
  2 worms (D)
  13 orcs (D)
  2 ball pythons (D)
  A bat zombie (D)
  2 endoplasms (D)
  2 goblins (D)
  A hobgoblin (D)
  A quokka (D)
  A bat simulacrum (D)
  A frilled lizard (D)
  A giant cockroach zombie (D)
  2 kobolds (D)
  A rat (D)
153 creatures vanquished.

Notes
Turn   | Place    | Note
-------+----------+-------------------------------------------
     0 | D        | mhtbhm the Gargoyle Earth Elementalist began the quest for
                  | the Orb.
     0 | D        | Reached XP level 1. HP: 10/10 MP: 3/3
    13 | D        | Reached skill level 4 in Earth Magic
    59 | D        | Found a bloodstained altar of Trog.
    59 | D        | Found a shimmering blue altar of Sif Muna.
    59 | D        | Found a viscous altar of Jiyva.
    59 | D        | Found a hazy altar of Hepliaklqana.
    59 | D        | Found an opulent altar of Gozag.
    60 | D        | Found a glowing golden altar of the Shining One.
    60 | D        | Found a glowing silver altar of Zin.
    60 | D        | Found a basalt altar of Yredelemnul.
    60 | D        | Found a shimmering altar of Xom.
    60 | D        | Found an ornate altar of the Wu Jian Council.
    60 | D        | Found a sacrificial altar of Ru.
    60 | D        | Found a stormy altar of Qazlal.
    60 | D        | Found an iron altar of Okawaru.
    60 | D        | Found a sparkling altar of Nemelex Xobeh.
    60 | D        | Found a burning altar of Makhleb.
    60 | D        | Found a blossoming altar of Fedhas.
    60 | D        | Found a white marble altar of Elyvilon.
    60 | D        | Found a shadowy altar of Dithmenos.
    60 | D        | Found a snail-covered altar of Cheibriados.
    62 | D        | Found a radiant altar of Vehumet.
    62 | D        | Found a corrupted altar of Lugonu.
    63 | D        | Found a hide-covered altar of Uskayaw.
    63 | D        | Found an ancient bone altar of Kikubaaqudgha.
    63 | D        | Found a broken altar of Ashenzari.
    70 | D        | Became a worshipper of Vehumet
   217 | D        | Reached * piety under Vehumet
   217 | D        | Offered knowledge of Shock by Vehumet.
   308 | D        | Reached XP level 2. HP: 15/15 MP: 3/5
   308 | D        | Reached ** piety under Vehumet
   313 | D        | Reached skill level 5 in Earth Magic
   465 | D        | Noticed Purgy
   466 | D        | Noticed a fire bat
   466 | D        | Noticed a centaur
   475 | D        | Killed Purgy
   475 | D        | Offered knowledge of Static Discharge by Vehumet.
   476 | D        | Reached skill level 1 in Maces & Flails
   476 | D        | Reached skill level 1 in Transmutations
   476 | D        | Reached skill level 8 in Earth Magic
   476 | D        | Reached XP level 3. HP: 9/19 MP: 1/9
   476 | D        | Reached XP level 4. HP: 12/24 MP: 1/10
   477 | D        | Noticed a black bear
   481 | D        | Killed a centaur
   481 | D        | Reached *** piety under Vehumet
   482 | D        | Reached skill level 9 in Earth Magic
   482 | D        | Reached XP level 5. HP: 20/28 MP: 10/13
   483 | D        | Killed a fire bat
   484 | D        | Reached skill level 11 in Earth Magic
   484 | D        | Reached XP level 6. HP: 24/33 MP: 12/16
   489 | D        | Reached **** piety under Vehumet
   490 | D        | Reached skill level 1 in Fighting
   492 | D        | Killed a black bear
   493 | D        | Reached skill level 12 in Earth Magic
   493 | D        | Reached XP level 7. HP: 28/38 MP: 13/18
   692 | D        | Offered knowledge of Frozen Ramparts by Vehumet.
   696 | D        | Learned a level 2 spell: Passwall
   700 | D        | Learned a level 3 spell: Stone Arrow
   706 | D        | Learned a level 5 spell: Lee's Rapid Deconstruction
   711 | D        | Learned a level 4 spell: Petrify
   715 | D        | Learned a level 3 spell: Frozen Ramparts
   717 | D        | Noticed an orc sorcerer
   719 | D        | Killed an orc sorcerer
   719 | D        | Offered knowledge of Airstrike by Vehumet.
   719 | D        | Reached ***** piety under Vehumet
   720 | D        | Reached skill level 13 in Earth Magic
   883 | D        | Reached skill level 10 in Spellcasting
   883 | D        | Reached XP level 8. HP: 44/44 MP: 16/22
  1015 | D        | Noticed a bog body
  1018 | D        | Offered knowledge of Iskenderun's Battlesphere by Vehumet.
  1020 | D        | Killed a bog body
  1021 | D        | Reached skill level 1 in Conjurations
  1021 | D        | Reached skill level 14 in Earth Magic
  1234 | D        | Noticed a smoke demon
  1236 | D        | Offered knowledge of Olgreb's Toxic Radiance by Vehumet.
  1238 | D        | Reached XP level 9. HP: 43/49 MP: 19/24
  1238 | D        | Reached ****** piety under Vehumet
  1239 | D        | Reached skill level 15 in Earth Magic
  1240 | D        | Killed a smoke demon
  1356 | D        | Learned a level 4 spell: Olgreb's Toxic Radiance
  1370 | D        | Offered knowledge of Hailstorm by Vehumet.
  1370 | D        | Noticed a guardian serpent
  1370 | D        | Noticed a centaur warrior
  1389 | D        | Killed a guardian serpent
  1390 | D        | Reached skill level 16 in Earth Magic
  1395 | D        | Killed a centaur warrior
  1396 | D        | Reached skill level 5 in Dodging
  1396 | D        | Reached XP level 10. HP: 34/56 MP: 3/27
  1523 | D        | Learned a level 4 spell: Hailstorm
  1572 | D        | Offered knowledge of Ozocubu's Refrigeration by Vehumet.
  1572 | D        | Killed an unseen horror
  1573 | D        | Reached skill level 17 in Earth Magic
  1573 | D        | Reached skill level 1 in Poison Magic
  1575 | D        | Killed a deep elf pyromancer
  1681 | D        | Noticed a sea snake
  1685 | D        | Killed a sea snake
  1687 | D        | Reached skill level 15 in Spellcasting
  1906 | D        | Killed a shadow wraith
  1907 | D        | Reached skill level 18 in Earth Magic
  2088 | D        | Offered knowledge of Freezing Cloud by Vehumet.
  2088 | D        | Noticed an orc knight
  2091 | D        | Reached XP level 11. HP: 62/62 MP: 17/30
  2091 | D        | Killed an orc knight
  2224 | D        | Noticed a boulder beetle
  2229 | D        | Offered knowledge of Irradiate by Vehumet.
  2232 | D        | Killed a boulder beetle
  2233 | D        | Reached skill level 19 in Earth Magic
  2349 | D        | Noticed a deep troll
  2357 | D        | Noticed Crazy Yiuf
  2358 | D        | Killed a shadow wraith
  2359 | D        | Reached skill level 5 in Fighting
  2360 | D        | Killed Crazy Yiuf
  2360 | D        | Killed a deep troll
  2726 | D        | Noticed an ophan
  2726 | D        | Noticed an ettin
  2727 | D        | Offered knowledge of Bolt of Magma by Vehumet.
  2729 | D        | Killed an ettin
  2730 | D        | Reached skill level 20 in Earth Magic
  2731 | D        | Killed an ophan
  2732 | D        | Reached XP level 12. HP: 67/68 MP: 19/33
  2751 | D        | Got the amulet "Wyrhoumi" {Reflect Harm rElec Str+2 SH+5}
  2901 | D        | Noticed a nagaraja
  2903 | D        | Killed a nagaraja
  2904 | D        | Reached skill level 21 in Earth Magic
  2905 | D        | Offered knowledge of Lehudib's Crystal Spear by Vehumet.
  3306 | D        | Offered knowledge of Fire Storm by Vehumet.
  3306 | D        | Offered knowledge of Shatter by Vehumet.
  3306 | D        | Offered knowledge of Absolute Zero by Vehumet.
  3392 | D        | Noticed a merfolk avatar
  3396 | D        | Killed a merfolk avatar
  3595 | D        | Learned a level 9 spell: Shatter
  3605 | D        | Learned a level 9 spell: Fire Storm
  3609 | D        | Noticed a Brimstone Fiend
  3616 | D        | Killed a Brimstone Fiend
  3617 | D        | Reached skill level 22 in Earth Magic
  3809 | D        | Noticed a green death
  3812 | D        | Killed a green death
  3974 | D        | Noticed an Ice Fiend
  4042 | D        | Noticed a two-headed ogre
  4043 | D        | Noticed a two-headed ogre
  4045 | D        | Killed a two-headed ogre
  4046 | D        | Reached skill level 1 in Fire Magic
  4046 | D        | Killed a two-headed ogre
  4047 | D        | Reached skill level 23 in Earth Magic
  4048 | D        | Noticed an ogre mage
  4051 | D        | Killed an ogre mage
  4052 | D        | Reached XP level 13. HP: 72/72 MP: 23/36
  4052 | D        | Noticed an emperor scorpion
  4067 | D        | Killed an emperor scorpion
  4085 | D        | Noticed a shadow dragon
  4091 | D        | Killed a shadow dragon
  4092 | D        | Reached skill level 5 in Fire Magic
  4108 | D        | Noticed a minotaur
  4111 | D        | Killed a minotaur
  4112 | D        | Noticed Arachne
  4118 | D        | Killed Arachne
  4119 | D        | Reached skill level 24 in Earth Magic
  4130 | D        | Identified the +8 fustibalus of Ucoat {flame, rF- rN+ Str+2
                  | Dex+4}
  4136 | D        | Noticed an emperor scorpion
  4391 | D        | Killed an emperor scorpion
  4797 | D        | Noticed Saint Roka
  4799 | D        | Noticed an orc warlord
  4801 | D        | Noticed an orc warlord
  4826 | D        | Killed an orc warlord
  4827 | D        | Reached skill level 1 in Evocations
  4829 | D        | Reached skill level 25 in Earth Magic
  4829 | D        | Killed Saint Roka
  4829 | D        | Engulfed by a cloud of flame

Illustrated notes

Levels and vault maps discovered:
D:        pitsprint [storerooms_1, entrance_room_1, metal_vault_1, armoury_1,
          mini_pit_1, grid_room_1, main_hall_1, silver_pit, the_coven_3,
          the_vestibule_1, steel_vault_5, golden_pit, hallway_of_sentries,
          crystal_vault_2, iron_vault_4, final_vault]

Skill      XL: |  1  2  3  4  5  6  7  8  9 10 11 12 13 |
---------------+----------------------------------------+-----
Earth Magic    | 4 8 9 11 12 13 14 16 18 20 23 25 | 25.0
Dodging        | 2 3 4 5 6 |  6.6
Maces & Flails | 1 2 3 4 |  4.1
Spellcasting   | 4 6 7 8 10 11 13 15 17 19 21 | 21.4
Transmutations | 1 2 |  2.4
Fighting       | 1 2 3 4 5 |  5.2
Conjurations   | 1 2 |  2.9
Poison Magic   | 2 3 |  3.0
Fire Magic     | 3 8 |  8.9
Evocations     | 1 |  1.1
Stealth        | |  2.5
Ice Magic      | |  0.5

Action                   |  1- 3 |  4- 6 |  7- 9 | 10-12 | 13-15 || total
-------------------------+-------+-------+-------+-------+-------++-------
Melee: Mace              |     3 |       |       |       |       ||     3
       Whip              |       |       |     3 |     7 |       ||    10
 Cast: Sandblast         |    12 |    12 |     6 |     3 |    12 ||    45
       Lee's Rapid Decon |       |       |    15 |    70 |    42 ||   127
       Stone Arrow       |       |       |     4 |     2 |     2 ||     8
       Olgreb's Toxic Ra |       |       |       |     2 |       ||     2
       Hailstorm         |       |       |       |     2 |       ||     2
       Petrify           |       |       |       |       |     9 ||     9
Evoke: Lightning rod     |       |       |       |       |     7 ||     7
  Use: Potion            |       |     4 |       |     2 |     8 ||    14
       Scroll            |       |       |       |       |     4 ||     4
Armor: Robe              |     2 |     6 |    14 |    20 |    16 ||    58
Dodge: Dodged            |     6 |    10 |     6 |    30 |    23 ||    75

Table legend: (Time is in decaauts)
 A = Elapsed time spent in this place.
 B = Non-inter-level travel time spent in this place.
 C = Inter-level travel time spent in this place.
 D = Time resting spent in this place.
 E = Time spent auto-exploring this place.
 F = Levels seen in this place.
 G = Mean time per level.
                   A        B        C        D        E       F      G
               +--------+--------+--------+--------+--------+-----+--------+
         Total |   4839 |   4839 |      0 |   3458 |     32 |   1 | 4839.0 |
       Dungeon |   4839 |   4839 |      0 |   3458 |     32 |   1 | 4839.0 |
               +--------+--------+--------+--------+--------+-----+--------+

Top non-repeatable levels by time:
       D: 4839 daAuts
